 Dungeon Crawl Stone Soup version 0.22.1-5-g62c59d919a (webtiles) character file.

3304 Masnef the Thaumaturge (level 9, -6/47 HPs)
             Began as a Deep Elf Wizard on Jan 12, 2019.
             Was a Priest of Sif Muna.
             Mangled by a troll (9 damage)
             ... on level 8 of the Dungeon on Jan 13, 2019.
             The game lasted 00:57:47 (14680 turns).

Masnef the Thaumaturge (Deep Elf Wizard)           Turns: 14680, Time: 00:57:47

Health: -6/47      AC:  5    Str:  4    XL:     9   Next: 70%
Magic:  24/26      EV: 13    Int: 27    God:    Sif Muna [***...]
Gold:   409        SH:  0    Dex: 13    Spells: 17/30 levels left

rFire    . . .     SeeInvis .   z - +1 dagger (holy)
rCold    . . .     Gourm    .   (no shield)
rNeg     + . .     Faith    +   M - +1 robe {rN+}
rPois    .         Spirit   .   b - +1 hat
rElec    .         Reflect  .   d - +0 cloak
rCorr    +         Harm     .   (no gloves)
MR       .....                  (no boots)
Stlth    +++.......             k - amulet of faith
HPRegen  0.15/turn              D - ring of resist corrosion
MPRegen  0.20/turn              (no ring)

@: divine energy
A: no striking features
a: Stop Divine Energy, Channel Magic, Renounce Religion


You were on level 8 of the Dungeon.
You worshipped Sif Muna.
Sif Muna was most pleased with you.
You were not hungry.

You visited 2 branches of the dungeon, and saw 10 of its levels.
You also visited: Sewer and Ossuary.

You collected 409 gold pieces.

Inventory:

Hand Weapons
 g - a +1 short sword
 u - a +0 shortbow
 z - a +1 dagger of holy wrath (weapon)
 B - a +1 dagger of draining
 E - a +2 whip of flaming
 F - a +3 short sword
Missiles
 p - 117 arrows
Armour
 a - a +0 robe
 b - a +1 hat (worn)
 d - a +0 cloak (worn)
 M - a +1 robe of positive energy (worn)
Jewellery
 k - an amulet of faith (around neck)
 v - an uncursed amulet of rage {unknown}
 D - a ring of resist corrosion (left hand)
Wands
 w - a wand of scattershot (5)
 y - a wand of disintegration (17)
 G - a wand of clouds (3)
 N - a wand of random effects (25)
Scrolls
 e - a scroll of blinking
 f - 7 scrolls of random uselessness
 h - 5 scrolls of enchant weapon
 l - 10 scrolls of remove curse
 x - 2 scrolls of enchant armour
 A - a scroll of fear
 J - 3 scrolls of identify
 L - a scroll of magic mapping
 O - a scroll of teleportation
Potions
 c - 3 potions of heal wounds
 i - 7 potions of flight
 j - 5 potions of haste
 m - 4 potions of agility
 n - 4 potions of lignification {unknown}
 q - a potion of resistance {unknown}
 r - 2 potions of ambrosia {unknown}
 s - 12 potions of curing {unknown}
 t - a potion of experience {unknown}
 C - a potion of cancellation {unknown}
 H - 6 potions of degeneration {unknown}
 I - a potion of might {unknown}
 K - a potion of invisibility {unknown}
Comestibles
 o - a ration


   Skills:
 * Level 1.0 Fighting
 * Level 4.4 Short Blades
 * Level 2.9 Dodging
 + Level 4.2 Stealth
 - Level 11.0 Spellcasting
 * Level 7.7 Conjurations
 - Level 2.5 Hexes
 - Level 2.3 Summonings
 - Level 1.1 Translocations
 - Level 5.0 Fire Magic
 - Level 2.0 Air Magic
 - Level 2.0 Poison Magic
 - Level 1.2 Evocations


You had 17 spell levels left.
You knew the following spells:

 Your Spells              Type           Power        Failure   Level  Hunger
a - Magic Dart            Conj           ####         1%          1    None
b - Blink                 Tloc           N/A          3%          2    None
c - Call Imp              Summ           ####....     2%          2    None
d - Slow                  Hex            ####....     1%          2    None
e - Mephitic Cloud        Conj/Pois/Air  #####...     2%          3    None
f - Conjure Flame         Conj/Fire      #####...     1%          3    None

Your spell library contained the following spells:

 Spells                   Type           Power        Failure   Level  Hunger


Dungeon Overview and Level Annotations

Branches:
Dungeon (9/15)             Temple (1/1) D:5
   Lair: D:8-11         Orc: D:9-12

Altars:
Cheibriados
Dithmenos
Elyvilon
Fedhas
Gozag
Hepliaklqana
Kikubaaqudgha
Makhleb
Nemelex Xobeh
Okawaru
Qazlal
Sif Muna
Trog
Uskayaw
Vehumet
Wu Jian
Yredelemnul
The Shining One

Shops:
D:6 %


Message History

You start resting.
Your iron imp disappears in a puff of smoke!
HP restored.
You climb downwards.
The troll misses you. x2; The troll claws you!
The orc wizard completely misses you. The troll bites you! The troll claws you.
The troll barely misses you.
There is a stone staircase leading up here.
You see here an arrow.
The orc wizard mumbles some strange words.
The orc wizard flickers and vanishes!
Deactivating autopickup; reactivate with Ctrl-A.
The troll bites you but does no damage. The troll closely misses you. x2
You climb upwards.
There is a stone staircase leading down here.
Casting: Magic Dart (safe; 1% risk of failure)
Confirm with . or Enter, or press ? or * to list all spells.
You blink.
The troll bites you!
* * * LOW HITPOINT WARNING * * *
The troll claws you!
You die...

#...##.....##.........#
#...##.....##.........#
#....#.....##....##...#
#....'...[.########...#
#..5##.<.5............#
#..5#########.........#
....##.....##.........#
...55.......#.ยง.......#
...........##..T@##...#
#...##.....########...#
#...#####'###....##...#
######.........(......#
# #.................# #
##.....########...# #
########....##...# #
#.........# #
#.........#


You could see a troll.

Vanquished Creatures
  Pikel (D:7)
  A wyvern (D:8)
  A yak (D:8)
  An ice beast (D:8)
  2 sky beasts (D:8)
  3 orc warriors
  An ogre (D:7)
  3 centaurs
  A phantom (D:8)
  A wyvern skeleton (D:8)
  A howler monkey (D:6)
  An orc priest (D:6)
  A bullfrog skeleton (D:6)
  A hound (D:6)
  2 jellies
  An iguana (D:7)
  Jessica (D:3)
  Natasha (twice) (D:2)
  6 orc wizards
  2 worker ants
  3 mummies (Ossuary)
  A howler monkey zombie (D:8)
  A worker ant zombie (D:4)
  7 gnolls
  7 adders
  A shadow imp (D:7)
  An adder zombie (D:8)
  2 worms
  3 dart slugs
  3 leopard geckos
  19 orcs
  2 ball pythons (D:3)
  5 giant cockroaches
  4 goblins
  9 hobgoblins
  7 jackals
  3 quokkas
  4 bats
  5 frilled lizards
  A gnoll zombie (Ossuary)
  4 goblin zombies (Ossuary)
  A jackal skeleton (D:6)
  14 kobolds
  2 kobold zombies (Ossuary)
  A quokka skeleton (D:4)
  10 rats
153 creatures vanquished.

Vanquished Creatures (collateral kills)
  Sigmund (D:4)
  2 wyverns (D:8)
  Edmund (D:4)
  A water moccasin (D:7)
  A sky beast (D:6)
  An ogre (D:5)
  A centaur (D:6)
  A big kobold (Sewer)
  2 killer bees (D:8)
  A jelly (D:7)
  A crimson imp (D:5)
  A bullfrog zombie (D:6)
  A centaur skeleton (D:8)
  A centaur zombie (D:5)
  A human zombie (Ossuary)
  6 orc priests
  4 orc wizards
  An iguana (D:5)
  Natasha (D:2)
  A hound zombie (D:8)
  2 mummies (Ossuary)
  3 gnolls
  4 adders
  2 worms
  A leopard gecko (D:7)
  5 orcs
  7 jackals
  A kobold (Sewer)
  A fungus (D:5)
56 creatures vanquished.

Vanquished Creatures (others)
  2 slaves (D:7)
  A water moccasin (D:7)
  A necrophage (D:7)
  An ogre (D:7)
  A centaur (D:7)
  A scorpion (D:7)
  An orc priest (D:7)
  An orc wizard (D:7)
  4 orcs (D:7)
13 creatures vanquished.

Grand Total: 222 creatures vanquished

Notes
Turn   | Place    | Note
-------+----------+-------------------------------------------
     0 | D:1      | Masnef the Deep Elf Wizard began the quest for the Orb.
     0 | D:1      | Reached XP level 1. HP: 10/10 MP: 7/7
   284 | D:1      | Reached XP level 2. HP: 14/15 MP: 2/9
   296 | D:1      | Learned a level 2 spell: Blink
   299 | D:1      | Learned a level 2 spell: Call Imp
   302 | D:1      | Learned a level 2 spell: Slow
  1011 | D:2      | Noticed Natasha
  1014 | D:2      | Noticed a crimson imp
  1019 | D:2      | Killed Natasha
  1019 | D:2      | Reached skill level 5 in Spellcasting
  1019 | D:2      | Reached XP level 3. HP: 10/19 MP: 0/11
  1024 | D:2      | Learned a level 3 spell: Mephitic Cloud
  1059 | D:2      | Noticed Natasha
  1180 | D:2      | Killed Natasha
  1180 | D:2      | Reached XP level 4. HP: 11/24 MP: 1/13
  1497 | D:2      | Reached skill level 1 in Poison Magic
  1509 | D:2      | Learned a level 3 spell: Conjure Flame
  1801 | D:2      | Found a snail-covered altar of Cheibriados.
  1808 | D:2      | Found a hazy altar of Hepliaklqana.
  2083 | D:2      | Noticed Natasha
  2379 | D:2      | Killed Natasha
  2402 | D:2      | Reached XP level 5. HP: 28/28 MP: 10/15
  2532 | D:2      | Reached skill level 6 in Spellcasting
  2902 | D:3      | Found an ornate altar of the Wu Jian Council.
  3201 | D:3      | Found an opulent altar of Gozag.
  3231 | D:2      | Found a burning altar of Makhleb.
  3867 | D:2      | Reached skill level 1 in Air Magic
  4138 | D:3      | Found a burning altar of Makhleb.
  4708 | D:3      | Noticed Jessica
  4712 | D:3      | Killed Jessica
  4712 | D:3      | Reached skill level 1 in Hexes
  4712 | D:3      | Reached XP level 6. HP: 32/32 MP: 15/17
  4918 | D:4      | Found an ancient bone altar of Kikubaaqudgha.
  5371 | D:4      | Noticed Edmund
  5602 | D:4      | Killed Edmund
  5804 | D:4      | Noticed Sigmund
  5857 | D:4      | Killed Sigmund
  5857 | D:4      | Reached skill level 7 in Spellcasting
  5857 | D:4      | Reached skill level 1 in Fire Magic
  6267 | D:5      | Entered Level 5 of the Dungeon
  6310 | D:5      | Found a glowing drain.
  6334 | Sewer    | Entered a sewer
  6433 | Sewer    | Reached XP level 7. HP: 31/36 MP: 12/19
  6451 | Sewer    | Found a glowing silver altar of Zin.
  6703 | D:5      | Found a blossoming altar of Fedhas.
  6734 | D:5      | Found a staircase to the Ecumenical Temple.
  6747 | Temple   | Entered the Ecumenical Temple
  6916 | Temple   | Became a worshipper of Sif Muna the Loreminder
  7477 | D:5      | Found a stormy altar of Qazlal.
  8454 | D:5      | Reached skill level 8 in Spellcasting
  9047 | D:6      | Reached skill level 1 in Short Blades
  9081 | D:6      | Found Woyqogoo's Food Shop.
  9085 | D:6      | Reached skill level 5 in Conjurations
  9385 | D:5      | Reached skill level 1 in Evocations
  9857 | D:6      | Reached * piety under Sif Muna
  9857 | D:6      | Reached XP level 8. HP: 34/41 MP: 7/22
 10193 | D:6      | Reached skill level 9 in Spellcasting
 10825 | D:7      | Noticed Pikel
 10857 | D:7      | Killed Pikel
 10857 | D:7      | Reached ** piety under Sif Muna
 10945 | D:7      | Reached skill level 10 in Spellcasting
 11042 | D:7      | Noticed a gargoyle
 11100 | D:7      | Killed a freed slave
 11122 | D:7      | Found a shadowy altar of Dithmenos.
 11430 | D:7      | Found a sand-covered staircase.
 11435 | Ossuary  | Entered an ossuary
 11481 | Ossuary  | Reached XP level 9. HP: 45/45 MP: 6/25
 13145 | D:8      | Reached *** piety under Sif Muna
 13145 | D:8      | Reached skill level 11 in Spellcasting
 13529 | D:8      | Reached skill level 5 in Fire Magic
 13599 | D:8      | Found an iron altar of Okawaru.
 13820 | D:9      | Noticed a troll
 14474 | D:8      | Reached skill level 1 in Fighting
 14680 | D:8      | Mangled by a troll

Skill      XL: |  1  2  3  4  5  6  7  8  9 |
---------------+----------------------------+-----
Conjurations   | 2 3 4 5 6 7 |  7.7
Spellcasting   | 5 6 7 8 10 11 | 11.0
Poison Magic   | 1 2 |  2.0
Air Magic      | 1 2 |  2.0
Hexes          | 1 2 |  2.5
Summonings     | 2 |  2.3
Fire Magic     | 1 2 4 5 |  5.0
Short Blades   | 1 2 4 |  4.4
Evocations     | 1 |  1.2
Stealth        | 3 4 |  4.2
Fighting       | 1 |  1.0
Dodging        | |  2.9
Translocations | |  1.1

Action                   |  1- 3 |  4- 6 |  7- 9 || total
-------------------------+-------+-------+-------++-------
Melee: Short sword       |    30 |   105 |    33 ||   168
       Unarmed           |     2 |       |       ||     2
       Dagger            |       |       |    65 ||    65
 Cast: Magic Dart        |    35 |   115 |   286 ||   436
       Call Imp          |     2 |    44 |   124 ||   170
       Slow              |     1 |    14 |    16 ||    31
       Mephitic Cloud    |       |     3 |    19 ||    22
       Blink             |       |     2 |    17 ||    19
       Conjure Flame     |       |       |     5 ||     5
Invok: Divine Energy     |       |       |     1 ||     1
  Use: Scroll            |       |    13 |     6 ||    19
       Potion            |       |       |     1 ||     1
 Stab: Sleeping          |     5 |    10 |     2 ||    17
       Distracted        |       |     2 |     1 ||     3
       Confused          |       |     2 |     4 ||     6
  Eat: Ration            |       |     2 |     6 ||     8
       Chunk             |       |    10 |     6 ||    16
Armor: Robe              |     3 |    18 |    41 ||    62
Dodge: Dodged            |    30 |   102 |   166 ||   298
